 Dungeon Crawl Stone Soup version 0.23.2-33-g5129a83184 (webtiles) character file.

Game seed: 17850449987874470003

200 H0rd4k the Charlatan (level 6, -1/44 HPs)
             Began as a Human Artificer on Aug 6, 2019.
             Killed from afar by topfpfpflanze's ghost (3 damage)
             ... with a blast of sand
             ... on level 3 of the Dungeon.
             The game lasted 00:03:59 (2577 turns).

H0rd4k the Charlatan (Human Artificer)              Turns: 2577, Time: 00:04:01

Health: -1/44      AC:  4    Str: 14    XL:     6   Next: 7%
Magic:  8/8        EV: 12    Int: 12    God:
Gold:   77         SH:  0    Dex: 13    Spells: 5/5 levels left

rFire    . . .     SeeInvis .   a - +0 short sword
rCold    . . .     Gourm    .   (no shield)
rNeg     . . .     Faith    .   b - +0 leather armour
rPois    .         Spirit   .   k - +1 hat
rElec    .         Reflect  .   (no cloak)
rCorr    .         Harm     .   (no gloves)
MR       .....                  (no boots)
Stlth    ++........             l - amulet of the acrobat
HPRegen  0.14/turn              (no ring)
MPRegen  0.11/turn              (no ring)

@: no status effects
A: no striking features
a: no special abilities


You were on level 3 of the Dungeon.
You were hungry.

You visited 1 branch of the dungeon, and saw 4 of its levels.

You collected 77 gold pieces.

Inventory:

Hand Weapons
 a - a +0 short sword (weapon)
Armour
 b - a +0 leather armour (worn)
 k - a +1 hat (worn)
Jewellery
 i - an uncursed amulet of guardian spirit {unknown}
 l - an amulet of the acrobat (around neck)
Wands
 d - a wand of enslavement (13)
 e - a wand of random effects (1)
Scrolls
 j - a scroll of teleportation {unknown}
 m - a scroll of identify
 n - a scroll of amnesia {unknown}
 p - a scroll of remove curse
Potions
 c - a potion of brilliance {unknown}
 g - a potion of might {unknown}
 o - a potion of lignification {unknown}
Comestibles
 f - 5 rations


   Skills:
 + Level 1.7 Fighting
 + Level 3.0 Short Blades
 + Level 2.4 Armour
 + Level 2.7 Dodging
 + Level 1.6 Stealth
 + Level 3.7 Evocations


You had 5 spell levels left.
You didn't know any spells.
Your spell library was empty.

Dungeon Overview and Level Annotations

Branches:
Dungeon (4/15)
 Temple: D:4-7

Altars:

Annotations:
D:3 Robin
D:4 topfpfpflanze's ghost, amateur FeEE


Message History

Robin roars a battlecry!
The goblins go into a battle-frenzy!
The hobgoblin hits you.
* * * LOW HITPOINT WARNING * * *
Robin throws the goblin at you!
You hear a shout!
There is a stone staircase leading down here.
You hit the goblin but do no damage. Something completely misses you.
The hobgoblin barely misses you. Something hits you.
* * * LOW HITPOINT WARNING * * *
Deactivating autopickup; reactivate with Ctrl-A.
The goblin barely misses you. Robin throws the goblin at you!
* * * LOW HITPOINT WARNING * * *
As you read the scroll labeled KEVVEPHUARI, it crumbles to dust.
You hear snatches of song.
It was a scroll of random uselessness.
You hear some strange, mumbled words.
A blast of sand appears from out of thin air!
The blast of sand hits you.
You die...

..##.....#........#######'#######
.gg##...####...........##.#######
..)g.gg.....g....................
.gr#g...####........#....#......#
.. #g#### #...).................
. g..# #.........#.#.........
.....# #...........#.........
....## #....{...##รท..........
...# #.$.g@g..##........... #..
#.###g######.......... ...# #.#
#.......... ...#. ..# #..........
..... ... ............ .. ##..
####......... #.## #..........
#.# #.......... .........


You could see Robin, a hobgoblin and 2 goblins.

Vanquished Creatures
  Natasha (thrice) (D:2)
  5 adders
  2 oozes (D:3)
  2 worms (D:2)
  A leopard gecko (D:3)
  9 bats
  4 giant cockroaches
  6 hobgoblins
  A ball python (D:1)
  3 frilled lizards
  3 goblins
  4 kobolds
  13 rats
56 creatures vanquished.

Vanquished Creatures (collateral kills)
  A goblin (D:3)
  A hobgoblin (D:3)
2 creatures vanquished.

Vanquished Creatures (others)
  A worker ant (D:3)
  An adder (D:4)
2 creatures vanquished.

Grand Total: 60 creatures vanquished

Notes
Turn   | Place    | Note
-------+----------+-------------------------------------------
     0 | D:1      | H0rd4k the Human Artificer began the quest for the Orb.
     0 | D:1      | Reached XP level 1. HP: 15/15 MP: 3/3
   115 | D:1      | Reached XP level 2. HP: 19/21 MP: 4/4
   943 | D:1      | Reached XP level 3. HP: 26/26 MP: 5/5
   984 | D:1      | Reached skill level 1 in Armour
  1096 | D:2      | Noticed Natasha
  1107 | D:2      | Killed Natasha
  1107 | D:2      | Reached XP level 4. HP: 2/32 MP: 6/6
  1373 | D:2      | Noticed Natasha
  1376 | D:2      | Killed Natasha
  1405 | D:2      | Noticed Natasha
  1409 | D:2      | Killed Natasha
  1409 | D:2      | Reached XP level 5. HP: 14/37 MP: 7/7
  2330 | D:3      | Noticed Robin
  2336 | D:3      | Reached XP level 6. HP: 12/44 MP: 8/8
  2348 | D:4      | Found a runed translucent door.
  2555 | D:4      | Noticed topfpfpflanze's ghost (amateur FeEE)
  2576 | D:3      | HP: 2/44 [Robin/goblin (3)]
  2577 | D:3      | Killed from afar by topfpfpflanze's ghost

Skill      XL: |  1  2  3  4  5 |
---------------+----------------+-----
Armour         | 1 2 |  2.4
Short Blades   | 2 3 |  3.0
Fighting       | |  1.7
Dodging        | |  2.7
Stealth        | |  1.6
Evocations     | |  3.7

Action                   |  1- 3 |  4- 6 || total
-------------------------+-------+-------++-------
Melee: Short sword       |    51 |    94 ||   145
       Dagger            |    65 |    46 ||   111
Evoke: Wand              |     5 |    26 ||    31
  Use: Scroll            |     1 |     2 ||     3
 Stab: Sleeping          |     2 |     1 ||     3
       Paralysed         |       |     4 ||     4
  Eat: Chunk             |       |     5 ||     5
Armor: Leather armour    |    34 |    47 ||    81
Dodge: Dodged            |    88 |   114 ||   202
